 Dungeon Crawl Stone Soup version 0.26-a0-663-g36e8fdb655 (webtiles) character file.

Game seed: 2102266625545429270

213 marklar909 the Skirmisher (level 6, 0/48 HPs)
             Began as a Formicid Abyssal Knight on Oct 13, 2020.
             Was a Follower of Lugonu.
             Killed from afar by an orc wizard (4 damage)
             ... with a puff of flame
             ... on level 4 of the Dungeon.
             The game lasted 00:03:54 (2761 turns).

marklar909 the Skirmisher (Formicid Abyssal Knight) Turns: 2761, Time: 00:03:54

Health: 0/48       AC:  5    Str: 19    XL:     6   Next: 14%
Magic:  7/7        EV: 11    Int: 11    God:    Lugonu [*.....]
Gold:   161        SH:  0    Dex: 16    Spells: 5/5 levels left

rFire    . . .     SeeInvis +   a - +1 falchion
rCold    . . .     Faith    .   (no shield)
rNeg     . . .     Spirit   .   t - +0 ring mail
rPois    .         Reflect  .   (helmet unavailable)
rElec    .         Harm     .   (no cloak)
rCorr    .         Rampage  .   (no gloves)
MR       .....                  (no boots)
Stlth    ..........             l - amulet of magic regeneration
HPRegen  0.16/turn              e - +6 ring of dexterity
MPRegen  0.35/turn              (no ring)

@: confused, very slightly contaminated, invisible
A: permanent stasis, dig shafts and tunnels, four strong arms, antennae 3
a: Dig, Shaft Self, Depart the Abyss, Renounce Religion


You were on level 4 of the Dungeon.
You worshipped Lugonu.
Lugonu was aware of your devotion.
You visited 1 branch of the dungeon, and saw 4 of its levels.
You visited the Abyss 1 time.

You collected 161 gold pieces.

Inventory:

Hand Weapons
 a - a +1 falchion (weapon)
 b - a +0 hunting sling
Missiles
 j - 85 stones (quivered)
Armour
 t - a +0 ring mail (worn)
Jewellery
 e - a +6 ring of dexterity (left hand)
 l - an amulet of magic regeneration (around neck)
Scrolls
 c - a scroll of magic mapping {unknown}
 g - 3 scrolls of identify
 h - a scroll of amnesia {unknown}
 i - a scroll of remove curse {unknown}
 k - a scroll of enchant weapon {unknown}
 r - a scroll of fog {unknown}
 s - a scroll of fear {unknown}
 u - a scroll of enchant armour {unknown}
Potions
 d - a potion of berserk rage {unknown}
 f - a potion of curing {unknown}
 m - a potion of invisibility
 n - a potion of magic {unknown}
 o - a potion of haste {unknown}
 p - a potion of stabbing {unknown}
 q - a potion of lignification {unknown}


   Skills:
 + Level 4.2 Fighting
 * Level 3.2 Long Blades
 + Level 3.2 Slings
 + Level 3.1 Armour
 + Level 1.1 Dodging
 + Level 1.3 Stealth
 + Level 2.3 Invocations


You had 5 spell levels left.
You didn't know any spells.
Your spell library contained the following spells:

 Spells                   Type           Power        Failure   Level
 Corona                   Hex            #......      52%         1
 Ensorcelled Hibernation  Hex/Ice        #.....       65%         2
 Confusing Touch          Hex            #.......     87%         3
 Dazzling Flash           Conj/Hex       #.....       87%         3
 Tukima's Dance           Hex            #.......     87%         3


Dungeon Overview and Level Annotations

Branches:
Dungeon (4/15)             Temple (0/1) D:4

Altars:
Qazlal

Annotations:
D:2 Sigmund
D:3 1 runed translucent door, HellBreezer's ghost, amateur NaVM


Innate Abilities, Weirdness & Mutations

You cannot be hasted, slowed, berserked, paralysed or teleported.
You can dig through walls and to a lower floor.
Your four strong arms can wield two-handed weapons with a shield.
You have a pair of large antennae on your head. (SInv)


Message History

The magic dart hits you.
* * * LOW HITPOINT WARNING * * *
Unknown command.
You fade into invisibility!
You are very lightly contaminated with residual magic.
Unknown command.
Your ring mail prevents you from hitting the orc wizard.
The orc wizard is severely wounded.
The orc wizard closely misses you.
You barely miss the orc wizard.
The orc wizard is severely wounded.
The orc wizard completely misses you. The orc barely misses you.
Unknown command.
You bump into the rock wall.
The orc wizard hits you but does no damage.
Unknown command.
You're too confused to move!
The orc barely misses you. The orc wizard casts a spell at you.
The puff of flame hits you.
You die...

..≈≈≈≈≈......# #...# #.....
.............######...######.##..
..(.(...(.....(.......[..........
....#..##.#.o...........#......[.
...## #.#..................##..
....... #.#.#####.#....#####.##..
######.##.#.# ##<#...[# #.......
#......# #oo...[.###.####.#
####o### #@.#.............. ##
#.# #...............## .## #>#
#..........♣.♣..# ..#######.#
#.#.........♣♣..# #....^{...#
#.##.#.#..♣♣....# ###########
#......#..♣[....#
##.....>........#
#.#.##.........#
##.........#..#.#


You could see an orc wizard (invisible) and an orc.

Vanquished Creatures
  A howler monkey (D:4)
  2 hounds (D:4)
  A worker ant (D:4)
  A hound skeleton (D:4)
  2 adders
  4 leopard geckos
  10 orcs
  A ball python (D:3)
  3 bats
  2 giant cockroaches
  3 goblins
  2 hobgoblins (D:3)
  2 jackals (D:4)
  4 kobolds
  A quokka (D:4)
  7 frilled lizards
  A rat (D:3)
47 creatures vanquished.

Notes
Turn   | Place    | Note
-------+----------+-------------------------------------------
     0 | Abyss:1  | marklar909 the Formicid Abyssal Knight began the quest for
                  | the Orb.
     0 | Abyss:1  | Reached XP level 1. HP: 18/18 MP: 2/2
    20 | Abyss:1  | Found a corrupted altar of Lugonu.
    33 | Abyss:1  | Noticed a large abomination
    35 | D:1      | Escaped the Abyss
    54 | D:1      | Noticed a lindwurm
    54 | D:1      | Noticed a wyvern
    54 | D:1      | Noticed a hog
    54 | D:1      | Noticed a polar bear
   437 | D:1      | Reached XP level 2. HP: 15/25 MP: 3/3
   858 | D:2      | Noticed Sigmund
   889 | D:3      | Noticed a water elemental
   903 | D:3      | Reached * piety under Lugonu
   929 | D:3      | Reached skill level 1 in Dodging
  1065 | D:3      | Reached XP level 3. HP: 28/30 MP: 4/4
  1168 | D:3      | Found a runed translucent door.
  1168 | D:3      | Noticed HellBreezer's ghost (amateur NaVM)
  1412 | D:3      | Found a stormy altar of Qazlal.
  1414 | D:3      | Noticed a fire elemental
  1415 | D:3      | Noticed an earth elemental
  1415 | D:3      | Noticed an air elemental
  1468 | D:3      | Reached skill level 1 in Stealth
  1620 | D:3      | Reached skill level 1 in Slings
  1860 | D:4      | Reached XP level 4. HP: 37/37 MP: 5/5
  1945 | D:4      | Reached skill level 4 in Fighting
  2120 | D:4      | Reached XP level 5. HP: 34/42 MP: 6/6
  2477 | D:4      | Found a staircase to the Ecumenical Temple.
  2589 | D:4      | Reached XP level 6. HP: 26/48 MP: 7/7
  2761 | D:4      | Killed from afar by an orc wizard

Illustrated notes

Levels and vault maps discovered:
D:1:      onia_arrival_zoo_common, layout_basic
D:2:      layout_basic, minmay_stone_trees_medium, uniq_sigmund, uniq_natasha
D:3:      layout_rooms, hellmonk_ghost_happy_afterlife,
          nicolae_qazlal_style_of_elements
D:4:      layout_loops_cross, temple_pool_b, chequers_garden,
          kennysheep_generic_room_7

Skill      XL: |  1  2  3  4  5 |
---------------+----------------+-----
Dodging        | 1 |  1.1
Stealth        | 1 |  1.3
Slings         | 1 2 3 |  3.2
Fighting       | 4 |  4.2
Long Blades    | 3 |  3.2
Armour         | 3 |  3.1
Invocations    | |  2.3

Action                   |  1- 3 |  4- 6 || total
-------------------------+-------+-------++-------
Melee: Falchion          |    43 |    49 ||    92
 Fire: Hunting sling     |    56 |    48 ||   104
Invok: Depart the Abyss  |     1 |       ||     1
  Use: Scroll            |     1 |       ||     1
       Potion            |       |     1 ||     1
Armor: Leather armour    |    21 |       ||    21
       Ring mail         |       |    13 ||    13
Dodge: Dodged            |    49 |    47 ||    96
       Rpst.: Falchion   |     9 |    11 ||    20

Table legend: (Time is in decaauts)
 A = Elapsed time spent in this place.
 B = Non-inter-level travel time spent in this place.
 C = Inter-level travel time spent in this place.
 D = Time resting spent in this place.
 E = Time spent auto-exploring this place.
 F = Levels seen in this place.
 G = Mean time per level.
                   A        B        C        D        E       F      G
               +--------+--------+--------+--------+--------+-----+--------+
         Total |   2774 |   2704 |     70 |    126 |   2099 |   5 |  554.8 |
       Dungeon |   2739 |   2669 |     70 |    126 |   2068 |   4 |  684.8 |
         Abyss |     35 |     35 |      0 |      0 |     31 |   1 |   35.0 |
               +--------+--------+--------+--------+--------+-----+--------+

Top non-repeatable levels by time:
     D:3: 1082 daAuts
     D:4: 820 daAuts
     D:1: 715 daAuts
     D:2: 121 daAuts
 Abyss:1: 35 daAuts
